 Dungeon Crawl Stone Soup version 0.29.0-4-gdea44cf6ec (webtiles) character file.

Game seed: 15948059942912051733

53 qw the Chopper (level 3, -1/31 HPs)
             Began as a Minotaur Berserker on Sept 4, 2022.
             Was a Follower of Trog.
             Slain by a ynoxinul (5 damage)
             ... on level 1 of the Abyss.
             The game lasted 00:00:30 (940 turns).

qw the Chopper (Minotaur Berserker)                  Turns: 940, Time: 00:00:30

Health: -1/31      AC:  6    Str: 23    XL:     3   Next: 62%
Magic:  2/2        EV: 11    Int:  4    God:    Trog [*.....]
Gold:   23         SH:  0    Dex:  9    Spells: 2/2 levels left

rFire   . . .      SeeInvis .   Y - +0 hand axe
rCold   . . .      Faith    .   (no shield)
rNeg    . . .      Spirit   .   h - +0 ring mail
rPois   .          Reflect  .   (helmet restricted)
rElec   .          Harm     .   (no cloak)
rCorr   .          Rampage  .   g - +0 pair of gloves
Will    .....                   (no boots)
Stlth   ..........              (no amulet)
HPRegen 0.10/turn               (no ring)
MPRegen 0.08/turn               (no ring)

@: on berserk cooldown
A: horns 2, retaliatory headbutt
a: Renounce Religion, Berserk


You were on level 1 of the Abyss.
You worshipped Trog.
Trog was aware of your devotion.
You visited 1 branch of the dungeon, and saw 2 of its levels.
You visited the Abyss 1 time.

You collected 23 gold pieces.


Innate Abilities, Weirdness & Mutations

You have a pair of horns on your head.
You reflexively headbutt those who attack you in melee.


   Skills:
 - Level 3.6 Fighting
 + Level 5.6 Axes
 - Level 2.4 Armour
 - Level 2.1 Dodging


You had 2 spell levels left.
You didn't know any spells.
Your spell library was empty.

Inventory:

Hand Weapons
 c - a +0 whip
 Y - a +0 hand axe (weapon)
Armour
 g - a +0 pair of gloves (worn)
 h - a +0 ring mail (worn)
Scrolls
 a - a scroll of fear {unknown}
Potions
 e - a potion of brilliance {unknown}
 f - a potion of curing {unknown}

Dungeon Overview and Level Annotations

Branches:
Dungeon (2/15)

Altars:


Message History

You closely miss the ynoxinul. You punch the ynoxinul.
The ynoxinul is lightly wounded.
You closely miss the ufetubus. The ufetubus closely misses you.
The ufetubus hits you. The ufetubus barely misses you. x2
The ynoxinul hits you but does no damage.
You slash the ynoxinul!
The ynoxinul is heavily wounded.
You closely miss the ufetubus.
The ufetubus hits you. x2; The ufetubus misses you.
The ufetubus hits you but does no damage.
The ynoxinul gestures.
The ufetubus barely misses you. You furiously retaliate!
You headbutt the ufetubus.
The ufetubus hits you but does no damage. x3
The ynoxinul gestures.
The ufetubus barely misses you.
The ufetubus hits you but does no damage.
You miss the ufetubus.
The ufetubus is severely wounded.
You barely miss the ufetubus. You hit the ynoxinul but do no damage.
You feel yourself speed up. The ufetubus closely misses you.
You furiously retaliate!
You headbutt the ufetubus!
You kill the ufetubus!
The ufetubus disappears in a puff of smoke!
The ufetubus hits you but does no damage.
The ufetubus closely misses you. The ynoxinul closely misses you.
You furiously retaliate!
You headbutt the ynoxinul, but do no damage.
The ufetubus hits you but does no damage.
The ufetubus closely misses you.
The ufetubus hits you but does no damage.
The ufetubus barely misses you.
You closely miss the ufetubus.
The ufetubus is severely wounded.
You hit the ynoxinul. You barely miss the ufetubus.
The ufetubus barely misses you. x2; The ufetubus closely misses you.
The ufetubus hits you. The ynoxinul hits you.
You die...

.. #.# ... #.#
#..###.#
##....\.# .
#.....# ....
##.# #.. #.# #
#.# #@#
.....5535......
.#.#.#55###...#
# ..5# ## ##..#
#... ####


You could see a ynoxinul and 6 ufetubi.

Vanquished Creatures
  2 gnolls (D:2)
  5 endoplasms (D:1)
  3 giant cockroaches (D:1)
  A goblin (D:1)
  5 hobgoblins
  2 jackals (D:1)
  3 kobolds
  2 quokkas (D:1)
  A ball python (D:1)
  4 bats
  3 rats (D:1)
31 creatures vanquished.

Notes
Turn   | Place    | Note
-------+----------+-------------------------------------------
     0 | D:1      | qw the Minotaur Berserker began the quest for the Orb.
     0 | D:1      | Reached XP level 1. HP: 19/19 MP: 0/0
     0 | D:1      | 0 ||| qw: Version: 0.1-a-103-gd6f5d3a
     0 | D:1      | 0 ||| qw: Game counter: 5748
     0 | D:1      | 0 ||| qw: Always use a shield: true
     0 | D:1      | 0 ||| qw: Do Orc after D:15 true
     0 | D:1      | 0 ||| qw: Do second Lair branch before Depths: true
     0 | D:1      | 0 ||| qw: Lair rune preference: random
     0 | D:1      | 0 ||| qw: Plans: Normal
     0 | D:1      | 0 ||| PLANNING D:1-11
    21 | D:1      | 21 ||| Stepping ~*~*~tactically~*~*~ (stealth).
    23 | D:1      | 23 ||| Stepping ~*~*~tactically~*~*~ (stealth).
    60 | D:1      | Reached skill level 4 in Axes
   191 | D:1      | 191 ||| Stepping ~*~*~tactically~*~*~ (stealth).
   196 | D:1      | Reached XP level 2. HP: 25/26 MP: 1/1
   595 | D:1      | Reached skill level 5 in Axes
   719 | D:1      | Reached XP level 3. HP: 31/31 MP: 2/2
   752 | D:1      | 752 ||| UPGRADING to +0 pair of gloves.
   757 | D:1      | 757 ||| UPGRADING to +0 ring mail.
   767 | D:1      | 767 ||| DROPPING +0 animal skin.
   768 | D:1      | 768 ||| READING scroll labelled MAZOFIZODU.
   864 | D:2      | 864 ||| Stepping ~*~*~tactically~*~*~ (stealth).
   902 | D:2      | 902 ||| Stepping ~*~*~tactically~*~*~ (stealth).
   903 | D:2      | 903 ||| INVOKING Berserk.
   911 | Abyss:1  | Cast into level 1 of the Abyss (gnoll)
   932 | Abyss:1  | Noticed a ynoxinul
   936 | Abyss:1  | HP: 7/31 [ynoxinul (2)]
   940 | Abyss:1  | Slain by a ynoxinul

Levels and vault maps discovered:
D:1:      minmay_arrival_doors, layout_basic, grunt_decor_cap,
          minmay_pentomino_p2
D:2:      layout_loops_ring, serial_shops, nicolae_shop_bloodbath_and_beyond,
          chequers_ecumenical_altar_simple_redux, minmay_indecisive_spiral
Abyss:1:  base:
D:1

Skill      XL: |  1  2 |
---------------+-------+-----
Axes           | 4 5 |  5.6
Fighting       | |  3.6
Armour         | |  2.4
Dodging        | |  2.1

Action                   || total
-------------------------++-------
Melee: Hand axe          ||    65
       Headbutt          ||     5
       Punch             ||     2
Invok: Berserk           ||     1
  Use: Scroll            ||     1
Armor: Animal skin       ||     4
       Ring mail         ||    17
Dodge: Dodged            ||    49

Table legend:
 A = Non-vault XP
 B = Vault XP
 C = Vault XP percentage of total XP
 D = Non-vault monster count
 E = Vault monster count
 F = Vault count percentage of total count
                 A         B        C        D         E       F
            +---------+---------+-------+---------+---------+-------
      Total |      72 |       4 |   5.3 |      29 |       2 |   6.5
            +---------+---------+-------+---------+---------+-------
        D:1 |      37 |       4 |   9.8 |      22 |       2 |   8.3
        D:2 |      35 |       0 |   0.0 |       7 |       0 |   0.0
            +---------+---------+-------+---------+---------+-------
